 Dungeon Crawl Stone Soup version 0.24.1-8-ga250c9d538 (webtiles) character file.

Game seed: 7568575350155141512, levelgen mode: deterministic

264 Hugehornet the Changer (level 6, -3/38 HPs)
             Began as an Octopode Transmuter on May 1, 2020.
             Slain by a wraith (10 damage)
             ... in an ossuary.
             The game lasted 00:05:14 (4007 turns).

Hugehornet the Changer (Octopode Transmuter)        Turns: 4007, Time: 00:05:15

Health: -3/38      AC:  1    Str:  9    XL:     6   Next: 19%
Magic:  8/9        EV: 13    Int: 17    God:
Gold:   239        SH:  0    Dex: 13    Spells: 3/9 levels left

rFire    . . .     SeeInvis .     - Unarmed
rCold    . . .     Gourm    .   (no shield)
rNeg     . . .     Faith    .   (helmet restricted)
rPois    .         Spirit   .   (no amulet)
rElec    .         Reflect  .   (no ring)
rCorr    .         Harm     .   (no ring)
MR       .....                  (no ring)
Stlth    ++........             (no ring)
HPRegen  0.12/turn              (no ring)
MPRegen  0.11/turn              (no ring)
                                (no ring)
                                (no ring)

@: appendage, slowed, very slow
A: almost no armour, stealthy swim, amphibious, 8 rings, constrict 8, tentacle
spike 3, camouflage 1, gelatinous body 1
a: End Transformation


You were in an ossuary.
You were not hungry.
One of your tentacles had a temporary spike.
You visited 1 branch of the dungeon, and saw 4 of its levels.
You also visited: Ossuary.

You collected 239 gold pieces.

Inventory:

Missiles
 a - 81 arrows
Armour
 n - a +2 shield
Scrolls
 b - a scroll of magic mapping
 f - a scroll of random uselessness {unknown}
 g - 2 scrolls of amnesia {unknown}
 h - 2 scrolls of enchant weapon {unknown}
 i - 2 scrolls of identify {unknown}
 j - 3 scrolls of remove curse
 p - 2 scrolls of teleportation {unknown}
 q - a scroll of summoning {unknown}
 t - a scroll of fear {unknown}
 w - a scroll of blinking {unknown}
Potions
 d - 2 potions of heal wounds {unknown}
 e - 2 potions of curing
 k - 3 potions of flight {unknown}
 l - a potion of magic {unknown}
 m - 2 potions of ambrosia {unknown}
 o - a potion of invisibility {unknown}
 r - 2 potions of might {unknown}
 s - 3 potions of lignification {unknown}
 u - a potion of agility {unknown}
 v - a potion of cancellation {unknown}
Comestibles
 c - 3 rations


   Skills:
 - Level 1.0 Fighting
 - Level 2.0 Dodging
 - Level 3.0 Unarmed Combat
 - Level 2.0 Spellcasting
 + Level 6.3 Transmutations


You had 3 spell levels left.
You knew the following spells:

 Your Spells              Type           Power        Failure   Level  Hunger
a - Beastly Appendage     Tmut           ###...       1%          1    #......
b - Sticks to Snakes      Tmut           ###.....     2%          2    ###....
c - Spider Form           Tmut/Pois      ##........   16%         3    ###....

Your spell library contained the following spells:

 Spells                   Type           Power        Failure   Level  Hunger
 Blade Hands              Tmut           ###.......   36%         5    ######.
 Ice Form                 Ice/Tmut       ##......     45%         4    #####..


Dungeon Overview and Level Annotations

Branches:
Dungeon (4/15)            Ossuary (1/1)
 Temple: D:4-7

Altars:
Makhleb
Okawaru
Ru
Wu Jian


Innate Abilities, Weirdness & Mutations

You cannot wear most types of armour.
You are very stealthy in the water. (Stealth+)
You are amphibious.
You can wear up to eight rings at the same time.
You can use your tentacles to constrict eight enemies at once.
Your skin changes colour to match your surroundings (Stealth+).
Your rubbery body absorbs attacks. (AC +1, EV +1)
One of your tentacles bears a large vicious spike.


Message History

Found a coppery potion.
Casting: Beastly Appendage (safe; 1% risk of failure)
Confirm with . or Enter, or press ? or * to list all spells.
One of your tentacles grows a vicious spike.
There is an open door here.
The helpless wraith fails to defend itself.
You tentacle-slap the wraith but do no damage.
You pierce the wraith, but do no damage.
The wraith hits you.
You barely miss the wraith. The wraith closely misses you.
You tentacle-slap the wraith.
The wraith is lightly damaged.
The wraith hits you! The wraith drains your vigour!
You feel yourself slow down.
You closely miss the wraith.
The wraith is lightly damaged.
The wraith hits you!
* * * LOW HITPOINT WARNING * * *
The wraith hits you!
You die...

.........................#
..........#.#............#
####......#'#.....^####..#
#.'...8...#.#...8...'.#..#
####...^..###......####..#
.....^......^.....^......#
.........................#
#.#..#.#..#.#..#.#..#.#..#
#'#..#'#..#'#..#@#..#'#..#
#.#..#.#..#.#..#W#..#.#..#
###..###..###..###^.###.^#
.....^.....^............^#
.................^.......#
##########'''#############
##...## ##.....##
####.......###


You could see a wraith.

Vanquished Creatures
  An elf zombie (Ossuary)
  Crazy Yiuf (D:3)
  An iguana (D:4)
  3 mummies (Ossuary)
  4 adders
  An ooze (D:2)
  A worm (D:4)
  3 leopard geckos
  3 orcs (D:3)
  3 giant cockroaches
  5 goblins
  6 hobgoblins
  2 ball pythons (D:3)
  7 bats
  3 frilled lizards
  A gnoll zombie (Ossuary)
  2 goblin zombies (Ossuary)
  3 hobgoblin zombies (Ossuary)
  7 kobolds
  3 kobold zombies (Ossuary)
  4 rats
64 creatures vanquished.

Notes
Turn   | Place    | Note
-------+----------+-------------------------------------------
     0 | D:1      | Hugehornet the Octopode Transmuter began the quest for the
                  | Orb.
     0 | D:1      | Reached XP level 1. HP: 13/13 MP: 3/3
   333 | D:1      | Reached XP level 2. HP: 18/18 MP: 3/5
   394 | D:1      | Reached skill level 3 in Transmutations
   658 | D:2      | Reached XP level 3. HP: 23/23 MP: 4/6
  1179 | D:2      | Found a burning altar of Makhleb.
  1181 | D:2      | Found an iron altar of Okawaru.
  1181 | D:2      | Found a sacrificial altar of Ru.
  1181 | D:2      | Found an ornate altar of the Wu Jian Council.
  1309 | D:2      | Reached skill level 4 in Transmutations
  1630 | D:3      | Reached XP level 4. HP: 27/28 MP: 4/7
  2091 | D:3      | Learned a level 2 spell: Sticks to Snakes
  2095 | D:3      | Learned a level 3 spell: Spider Form
  2142 | D:3      | Found a runed translucent door.
  2143 | D:3      | Noticed Crazy Yiuf
  2326 | D:3      | Found a faded altar of an unknown god.
  2930 | D:3      | Killed Crazy Yiuf
  2930 | D:3      | Reached skill level 5 in Transmutations
  2930 | D:3      | Reached XP level 5. HP: 30/33 MP: 4/8
  3205 | D:4      | Found a sand-covered staircase.
  3312 | Ossuary  | Entered an ossuary
  3312 | Ossuary  | Noticed a wraith
  3312 | Ossuary  | Noticed a wraith
  3312 | Ossuary  | Noticed a wraith
  3378 | Ossuary  | Reached skill level 6 in Transmutations
  3556 | Ossuary  | Reached XP level 6. HP: 36/38 MP: 9/9
  4001 | Ossuary  | Noticed a wraith
  4007 | Ossuary  | Slain by a wraith

Levels and vault maps discovered:
D:1:      denvon_arrival_waterhouse, layout_rooms
D:2:      layout_loops_ring, grunt_temple_overflow_open, first_ration,
          minmay_misc_feat_tower, nrook_uturn
D:3:      layout_loops_ring, chequers_ecumenical_altar_grove, minmay_pentangle,
          uniq_crazy_yiuf_cottage
D:4:      layout_basic, enter_ossuary_1, minmay_door_square, uniq_blork_the_orc,
          uniq_grinder
Ossuary:  ossuary_kennysheep_city_of_the_dead

Skill      XL: |  1  2  3  4  5 |
---------------+----------------+-----
Transmutations | 3 4 5 6 |  6.3
Fighting       | |  1.0
Dodging        | |  2.0
Unarmed Combat | |  3.0
Spellcasting   | |  2.0

Action                   |  1- 3 |  4- 6 || total
-------------------------+-------+-------++-------
Melee: Unarmed           |    64 |   114 ||   178
       Constrict         |    19 |    27 ||    46
       Kick              |    15 |    23 ||    38
       Punch             |     3 |     2 ||     5
       Tentacles         |     4 |    13 ||    17
 Cast: Beastly Appendage |    21 |    21 ||    42
       Spider Form       |       |     2 ||     2
  Use: Potion            |       |     1 ||     1
       Scroll            |       |     2 ||     2
 Stab: Sleeping          |     3 |     3 ||     6
  Eat: Chunk             |     2 |     7 ||     9
       Ration            |       |     1 ||     1
Armor: Skin              |     4 |     8 ||    12
Dodge: Dodged            |    41 |    55 ||    96
